 Dungeon Crawl Stone Soup version 0.24-a0-235-g3f03afc (webtiles) character file.

Game seed: 12215292885177985787

7 Gorice the Ducker (level 2, -2/26 HPs)
             Began as a Gnoll Wanderer on Apr 6, 2019.
             Slain by a kobold
             ... wielding a +0 whip
              (4 damage)
             ... on level 1 of the Dungeon.
             The game lasted 00:00:48 (94 turns).

Gorice the Ducker (Gnoll Wanderer)                    Turns: 94, Time: 00:00:49

Health: -2/26      AC:  2    Str: 15    XL:     2   Next: 0%
Magic:  3/3        EV: 14    Int: 13    God:
Gold:   10         SH:  0    Dex: 14    Spells: 0/1 levels left

rFire    . . .     SeeInvis .   a - +0 club
rCold    . . .     Gourm    .   (no shield)
rNeg     . . .     Faith    .   c - +0 robe
rPois    .         Spirit   .   (no helmet)
rElec    .         Reflect  .   (no cloak)
rCorr    .         Harm     .   (no gloves)
MR       .....                  (no boots)
Stlth    ++........             (no amulet)
HPRegen  0.08/turn              (no ring)
MPRegen  0.08/turn              (no ring)

@: no status effects
A: distributed training, fangs 1, strong nose
a: no special abilities


You were on level 1 of the Dungeon.
You were not hungry.

You visited 1 branch of the dungeon, and saw 1 of its levels.

You collected 10 gold pieces.

Inventory:

Hand Weapons
 a - a +0 club (weapon)
Armour
 c - a +0 robe (worn)
Scrolls
 d - a scroll of remove curse {unknown}
 e - a scroll of teleportation {unknown}
Potions
 b - 2 potions of curing
Comestibles
 f - a ration
 g - 5 chunks of flesh


   Skills:
 + Level 4.4 Fighting
 + Level 0.2 Short Blades
 + Level 0.2 Long Blades
 + Level 0.2 Axes
 + Level 0.2 Maces & Flails
 + Level 0.2 Polearms
 + Level 0.2 Staves
 + Level 0.2 Slings
 + Level 0.2 Bows
 + Level 0.2 Crossbows
 + Level 0.2 Throwing
 + Level 0.2 Armour
 + Level 4.4 Dodging
 + Level 2.2 Stealth
 + Level 0.2 Shields
 + Level 2.4 Unarmed Combat
 + Level 0.2 Spellcasting
 + Level 0.1 Conjurations
 + Level 0.1 Hexes
 + Level 2.0 Charms
 + Level 0.1 Summonings
 + Level 0.1 Necromancy
 + Level 0.1 Translocations
 + Level 0.1 Transmutations
 + Level 0.1 Fire Magic
 + Level 3.6 Ice Magic
 + Level 0.1 Air Magic
 + Level 0.1 Earth Magic
 + Level 0.1 Poison Magic
 + Level 0.3 Invocations
 + Level 2.4 Evocations


You couldn't memorise any spells.
You knew the following spells:

 Your Spells              Type           Power        Failure   Level  Hunger
a - Freeze                Ice            #...         7%          1    ##.....

Your spell library contained the following spells:

 Spells                   Type           Power        Failure   Level  Hunger
 Throw Frost              Conj/Ice       #.....       22%         2    ###....
 Ozocubu's Armour         Chrm/Ice       #.......     28%         3    ####...
 Summon Ice Beast         Ice/Summ       #.......     80%         4    #####..
 Throw Icicle             Conj/Ice       #.......     80%         4    #####..


Dungeon Overview and Level Annotations

Branches:
Dungeon (1/15)

Altars:


Innate Abilities, Weirdness & Mutations

Your experience applies equally to all skills.
You have very sharp teeth.
Your uncanny sense of smell can sniff out nearby items.


Message History

The ball python bites you but does no damage.
The ball python constricts you.
Your unstable footing causes you to fumble your attack.
The bat hits you but does no damage. The bat barely misses you.
The ball python bites you. The ball python constricts you.
The kobold hits the plant with a +0 dagger.
The bat misses you.
Damage: 3 (max 3) Unknown command.
You hit the ball python. Your bite misses the ball python.
The ball python is moderately wounded.
The bat closely misses you.
The bat hits the plant but does no damage.
The ball python bites you but does no damage.
The ball python constricts you.
The hobgoblin splashes around in the water.
The bat hits the plant but does no damage.
The kobold hits you but does no damage. The ball python completely misses you.
The ball python constricts you.
The kobold splashes around in the water.
Damage: 1 (max 3)
You hit the ball python.
You kill the ball python!
Your Charms skill increases to level 2!
The bat closely misses you. x2; The bat misses you.
The kobold completely misses you. The kobold misses you.
The bat closely misses you. The kobold hits you but does no damage.
Unknown command.
The bat hits you but does no damage. x2; The hobgoblin hits the plant.
The kobold misses you. The kobold barely misses you.
Unknown command.
You barely miss the kobold. You bite the kobold.
You kill the kobold!
You hear a splash.
The bat closely misses you. The bat barely misses you.
The kobold hits you with a +0 dagger.
Unknown command.
You hit the kobold.
You kill the kobold!
You have reached level 2!
The bat hits you but does no damage. The bat barely misses you.
The hobgoblin hits you.
* * * LOW HITPOINT WARNING * * *
You are too injured to fight recklessly!
Damage: 1 (max 3)
You hit the bat but do no damage. The bat barely misses you.
The bat misses you. The hobgoblin hits you.
* * * LOW HITPOINT WARNING * * *
The kobold hits you with a +0 whip.
You die...

.....##.#.
#..P...♣..
##.≈≈≈≈≈≈.P
#..P.≈.≈.≈≈
#.≈≈≈≈≈≈≈≈. #
#PP≈≈≈≈≈≈≈≈
#.#####.)g≈bP≈≈≈≈
#.....$.@≈≈≈≈≈.≈≈
##......b.KP?.♣.#P
#..###...(......#
..# #.#######..#
#.##.# .# #.# #
#...# .. .#.#.
.#.#..# # .....#
#.##..#
#....###.##..#


You could see a hobgoblin, 2 bats and a kobold.

Vanquished Creatures
  2 goblins (D:1)
  A ball python (D:1)
  A frilled lizard (D:1)
  2 kobolds (D:1)
  2 rats (D:1)
8 creatures vanquished.

Notes
Turn   | Place    | Note
-------+----------+-------------------------------------------
     0 | D:1      | Gorice the Gnoll Wanderer began the quest for the Orb.
     0 | D:1      | Gorice set off with the following items: a +0 club, 2
                  | potions of curing, a +0 robe, a ration; and the following
                  | spell memorised: Freeze; and the following spells available
                  | to memorise: Throw Frost, Ozocubu's Armour, Summon Ice
                  | Beast, Throw Icicle
     0 | D:1      | Reached XP level 1. HP: 20/20 MP: 2/2
    90 | D:1      | Reached skill level 2 in Charms
    93 | D:1      | Reached XP level 2. HP: 9/26 MP: 3/3
    93 | D:1      | HP: 6/26 [hobgoblin (3)]
    94 | D:1      | HP: 2/26 [hobgoblin (4)]
    94 | D:1      | Slain by a kobold

Levels and vault maps discovered:
D:1:      minmay_arrival_three_doors, layout_loops_ring, minmay_parallelograms,
          serial_bayou_pond_b, minmay_hexomino_p4

Skill      XL: |  1 |
---------------+----+-----
Charms         | 2 |  2.0
Fighting       | |  4.4
Short Blades   | |  0.2
Long Blades    | |  0.2
Axes           | |  0.2
Maces & Flails | |  0.2
Polearms       | |  0.2
Staves         | |  0.2
Slings         | |  0.2
Bows           | |  0.2
Crossbows      | |  0.2
Throwing       | |  0.2
Armour         | |  0.2
Dodging        | |  4.4
Stealth        | |  2.2
Shields        | |  0.2
Unarmed Combat | |  2.4
Spellcasting   | |  0.2
Conjurations   | |  0.1
Hexes          | |  0.1
Summonings     | |  0.1
Necromancy     | |  0.1
Translocations | |  0.1
Transmutations | |  0.1
Fire Magic     | |  0.1
Ice Magic      | |  3.6
Air Magic      | |  0.1
Earth Magic    | |  0.1
Poison Magic   | |  0.1
Invocations    | |  0.3
Evocations     | |  2.4

Action                   || total
-------------------------++-------
Melee: Club              ||    24
       Bite              ||     3
Armor: Robe              ||    15
Dodge: Dodged            ||    45

Table legend:
 A = Non-vault XP
 B = Vault XP
 C = Vault XP percentage of total XP
 D = Non-vault monster count
 E = Vault monster count
 F = Vault count percentage of total count
                 A         B        C        D         E       F
            +---------+---------+-------+---------+---------+-------
      Total |       9 |       1 |  10.0 |       7 |       1 |  12.5
            +---------+---------+-------+---------+---------+-------
        D:1 |       9 |       1 |  10.0 |       7 |       1 |  12.5
            +---------+---------+-------+---------+---------+-------

Table legend:
 A = Turns spent in this place as a percentage of turns spent in the entire game.
 B = Non-inter-level travel turns spent in this place as a percentage of non-inter-level travel turns spent in the entire game.
 C = Inter-level travel turns spent in this place as a percentage of turns spent in this place.
 D = Turns resting spent in this place as a percentage of non-inter-level travel turns spent in this place.
 E = Turns spent auto-exploring this place as a percentage of non-inter-level travel turns spent in this place.
 F = Non-inter-level travel turns spent in this place divided by the number of levels of this place that you've seen.
                   A       B       C       D       E      F
               +-------+-------+-------+-------+-------+----------------------
         Total | 100.0 | 100.0 |   0.0 |   0.0 |  48.9 |  94.0
       Dungeon | 100.0 | 100.0 |   0.0 |   0.0 |  48.9 |  94.0
               +-------+-------+-------+-------+-------+----------------------

Levels and vault maps discovered:
D:1:      minmay_arrival_three_doors, layout_loops_ring, minmay_parallelograms,
          serial_bayou_pond_b, minmay_hexomino_p4
